Map: Nightshade LE

Players

Lambo

  • Race: Zerg Zerg
  • League: Grandmaster
  • Spawn Location: 11:00

Reynor - Winner!

  • Race: Zerg Zerg
  • League: Grandmaster
  • Spawn Location: 5:00

Event: StayAtHomestory Cup #1

VOD

Have the link to the VOD?

Description

Time

  • Played on: April 10, 2020, 1:11 p.m.
  • Length: 6:13

All games in this series

Show
View Real Time Build Order
Export as new Build Order

Lambo Zerg 

Build Orders: Hatch First 

Get SALT Encoding   

  12  0:00  Drone  
  13  0:12  Overlord  
  13  0:17  Drone  
  14  0:31  Drone x2  
  16  0:48  Hatchery  
  15  0:51  Drone  
  15  0:54  Drone  
  17  0:58  Drone  
  18  1:08  Extractor  
  17  1:12  Spawning Pool  
  17  1:15  Drone  
  17  1:19  Drone  
  18  1:27  Drone  
  19  1:38  Drone  
  20  1:49  Drone  
  21  1:59  Queen x2  
  21  2:00  Zergling x2, Overlord  
  26  2:08  Metabolic Boost  
  26  2:10  Drone  
  26  2:11  Drone  
  28  2:22  Zergling x2  
  29  2:23  Drone  
  30  2:34  Hatchery  
  30  2:36  Drone  
  30  2:43  Zergling x2, Drone  
  32  2:52  Baneling Nest  
  32  2:54  Overlord  
  32  2:56  Drone x2  
  33  3:06  Drone  
  33  3:10  Zergling x2, Drone  
  36  3:14  Zergling x8  
  40  3:23  Roach Warren  
  40  3:26  Zergling x2  
  40  3:28  Overlord  
  40  3:33  Overlord  
  40  3:38  Baneling  
  40  3:47  Evolution Chamber, Overlord  
  37  4:12  Roach x9  
  37  4:17  Roach  
  57  4:22  Overlord  
  56  4:25  Zergling x6, Baneling  
  58  4:33  Zergling x4  
  58  4:34  Zergling x2  
  58  4:38  Zergling x4  
  62  4:44  Zergling x2  
  62  4:45  Zergling x2  
  62  4:49  Zergling x6  
  65  4:57  Zergling x8  
  69  5:02  Baneling x4  
  69  5:06  Zergling x4  
  70  5:09  Baneling  
  70  5:16  Zergling x2  
  70  5:17  Zergling x2  
  70  5:22  Zergling x8  
  69  5:28  Baneling  
  69  5:31  Zergling x6  
  68  5:36  Zergling x2  
  68  5:41  Zergling x2  
  65  5:46  Zergling x2  
  54  5:50  Zergling x2  
Show
View Real Time Build Order
Export as new Build Order

Reynor Zerg - Winner!

Build Orders: Hatch First 

Get SALT Encoding   

  12  0:00  Drone  
  13  0:12  Overlord  
  13  0:16  Drone  
  14  0:31  Drone x2  
  16  0:47  Hatchery  
  15  0:51  Drone  
  15  0:54  Drone  
  17  0:57  Drone  
  18  1:08  Extractor  
  17  1:13  Spawning Pool  
  17  1:16  Drone  
  17  1:19  Drone  
  18  1:28  Drone  
  19  1:39  Drone  
  20  1:49  Drone  
  21  2:00  Queen x2, Overlord  
  26  2:01  Zergling x2  
  26  2:10  Drone  
  26  2:12  Drone, Metabolic Boost  
  28  2:21  Drone  
  28  2:22  Drone  
  30  2:33  Hatchery  
  30  2:35  Drone  
  30  2:39  Drone  
  30  2:42  Drone  
  30  2:43  Drone  
  33  2:51  Baneling Nest  
  32  2:53  Overlord  
  32  2:54  Drone  
  33  3:04  Drone  
  34  3:08  Zergling x4  
  34  3:10  Evolution Chamber  
  34  3:12  Drone x2  
  37  3:13  Zergling x2  
  37  3:15  Zergling x2  
  37  3:16  Zergling x2  
  40  3:20  Zergling x2  
  40  3:25  Overlord  
  41  3:28  Zergling x2  
  42  3:35  Baneling x2  
  42  3:37  Overlord  
  42  3:38  Zergling x2  
  42  3:41  Zergling x2  
  43  3:45  Zergling x6, Zerg Melee Weapons Level 1  
  43  3:47  Drone  
  47  3:51  Drone x2  
  47  3:53  Zergling x2  
  50  3:57  Drone x2  
  51  4:04  Overlord  
  51  4:07  Drone x2  
  51  4:10  Queen  
  51  4:13  Zergling x4  
  51  4:16  Baneling  
  55  4:17  Overlord  
  55  4:19  Zergling x2  
  57  4:24  Zergling x6  
  61  4:31  Zergling x8  
  61  4:36  Zergling x2  
  61  4:41  Roach Warren  
  61  4:43  Spine Crawler  
  61  4:44  Zergling x4  
  58  4:50  Zergling x4  
  58  4:51  Spine Crawler  
  59  4:53  Baneling  
  59  4:54  Baneling x3  
  59  4:57  Spine Crawler  
  59  4:58  Zergling x2  
  59  5:01  Baneling  
  59  5:02  Zergling x2  
  59  5:06  Zergling x4  
  61  5:13  Zergling x8  
  65  5:21  Roach x3  
  67  5:28  Zergling x2, Roach x2  
  62  5:36  Zergling x4, Roach  
  62  5:41  Zergling x2  
  62  5:46  Roach  
  62  5:47  Zergling x2  
  62  5:49  Zergling x2  
  60  5:56  Drone  
Tags
 
Add a new tag
Caveats
  • Supply blocks, unpowered buildings, or Contaminate may cause inaccurate times.
  • Supply counts are checked every 10 seconds.